 Dungeon Crawl Stone Soup version 0.18.1-48-g4cf74bf (webtiles) character file.

129 dearth the Skirmisher (level 4, -1/42 HPs)
             Began as a Minotaur Fighter on Aug 6, 2016.
             Was an Initiate of Okawaru.
             Slain by an orc
             ... wielding a +0 club
              (2 damage)
             ... on level 3 of the Dungeon.
             The game lasted 00:04:49 (1901 turns).

dearth the Skirmisher (Minotaur Fighter)            Turns: 1901, Time: 00:04:50

Health: -1/42      AC: 10    Str: 22    XL:     4   Next: 88%
Magic:  3/3        EV:  7    Int:  5    God:    Okawaru [......]
Gold:   128        SH: 11    Dex:  9    Spells: 0 memorised, 3 levels left

rFire  . . .     SeeInvis .     a - +0 flail
rCold  . . .     Gourm    .     b - +0 scale mail
rNeg   . . .     Faith    .     t - +2 shield
rPois  .         Spirit   .     (helmet restricted)
rElec  .         Dismiss  .     r - +2 cloak {+Inv}
rCorr  .         Reflect  .     (no gloves)
SustAt .         Harm     .     (no boots)
MR     .....                    (no amulet)
Stlth  ..........               (no ring)
                                (no ring)

@: not resistant to hostile enchantments, extremely unstealthy
A: retaliatory headbutt, horns 2
a: Renounce Religion, Evoke Invisibility


You were on level 3 of the Dungeon.
You worshipped Okawaru.
Okawaru was noncommittal.
You were not hungry.

You visited 1 branch of the dungeon, and saw 3 of its levels.

You collected 128 gold pieces.

Inventory:

Hand Weapons
 a - a +0 flail (weapon)
Armour
 b - a +0 scale mail (worn)
 r - a +2 cloak of invisibility (worn)
 t - a +2 shield (worn)
Scrolls
 g - 2 scrolls of teleportation {unknown}
 h - a scroll of enchant weapon {unknown}
 j - a scroll of enchant armour {unknown}
 n - 2 scrolls of remove curse {unknown}
 p - a scroll of recharging {unknown}
 q - 2 scrolls of identify {unknown}
 u - a scroll of amnesia {unknown}
Potions
 d - a potion of might
 e - 2 potions of brilliance {unknown}
 k - a potion of berserk rage {unknown}
 l - a potion of heal wounds {unknown}
 m - 3 potions of curing {unknown}
 o - a potion of cancellation {unknown}
 s - a potion of flight {unknown}
Comestibles
 f - 3 bread rations
 i - 2 beef jerkies


   Skills:
 + Level 5.5 Fighting
 + Level 4.5 Maces & Flails
 - Level 3.6 Armour
 - Level 3.6 Shields


You had 3 spell levels left.
You didn't know any spells.

Dungeon Overview and Level Annotations

Branches:
Dungeon (3/15)

Altars:
Okawaru


Innate Abilities, Weirdness & Mutations

You reflexively headbutt those who attack you in melee.
You have a pair of horns on your head.


Message History

The orc priest is heavily wounded.
The orc priest mumbles some strange prayers to Beogh against you.
Pain shoots through your body! You block the orc's attack.
The orc priest hits you but does no damage.
You closely miss the orc priest.
The orc priest is heavily wounded.
You block the orc's attack.
The orc priest mumbles some strange prayers to Beogh against you.
Beogh smites you!
* * * LOW HITPOINT WARNING * * *
You sock the orc priest!
You kill the orc priest!
Okawaru accepts your kill. You block the orc's attack.
The orc hits you with a vampiric hand axe.
* * * LOW HITPOINT WARNING * * *
The orc hits you with a falchion.
* * * LOW HITPOINT WARNING * * *
You closely miss the orc. The orc hits you with a club.
You die...

#.# #.# #.#
###.########
#..........#
+..........#
#..........#
#..........#
#...@......#
#..ooo.....#
#..........#
#..........#
#..........#
#..........#
#.....)....#
#..........#


You could see 3 orcs.

Vanquished Creatures
  An orc priest (D:3)
  3 adders (D:2)
  2 oozes (D:2)
  A worm (D:2)
  A dart slug (D:1)
  2 giant geckos
  3 ball pythons
  9 bats
  2 giant cockroaches (D:2)
  7 goblins
  9 hobgoblins
  4 jackals (D:1)
  2 quokkas (D:2)
  6 giant newts
  3 kobolds
  3 rats
58 creatures vanquished.

Notes
Turn   | Place    | Note
--------------------------------------------------------------
     0 | D:1      | dearth the Minotaur Fighter began the quest for the Orb.
     0 | D:1      | Reached XP level 1. HP: 19/19 MP: 0/0
   157 | D:1      | Reached skill level 4 in Fighting
   186 | D:1      | Reached XP level 2. HP: 27/27 MP: 1/1
   620 | D:1      | Reached XP level 3. HP: 29/34 MP: 2/2
  1037 | D:2      | Reached skill level 5 in Fighting
  1067 | D:2      | Found an iron altar of Okawaru.
  1088 | D:2      | Became a worshipper of Warmaster Okawaru
  1345 | D:2      | Reached XP level 4. HP: 42/42 MP: 3/3
  1900 | D:3      | HP: 1/42 [orc/falchion (3)]
  1901 | D:3      | Slain by an orc

Skill      XL: |  1  2  3  4 |
---------------+-------------+-----
Fighting       | 4 5 |  5.5
Maces & Flails | 3 4 |  4.5
Armour         | |  3.6
Shields        | |  3.6

Action                   |  1- 3 |  4- 6 || total
-------------------------+-------+-------++-------
Melee: Flail             |   124 |    45 ||   169
       Headbutt          |    13 |     6 ||    19
  Eat: Chunk             |     2 |     1 ||     3
Armor: Scale mail        |    60 |    18 ||    78
Dodge: Dodged            |    44 |    22 ||    66
Block: Shield            |    63 |    39 ||   102
